 Dungeon Crawl Stone Soup version 0.30.0-16-gbe6223bb7e (webtiles) character file.

Game seed: 8572716081359749681

235470 glosham the Warrior (level 21, -19/194 HPs)
             Began as a Meteoran Fighter on May 20, 2023.
             Was the Champion of the Shining One.
             Killed from afar by a living spell (52 damage)
             ... with a crystal spear
             ... summoned by a walking crystal tome
             ... on level 4 of the Depths.
             The game lasted 06:55:10 (16064 turns).

glosham the Warrior (Meteoran Fighter)             Turns: 16064, Time: 06:55:11

Health: -19/194    AC: 44    Str: 31    XL:     21   Next: 73%
Magic:  32/32      EV: 19    Int: 21    God:    the Shining One [******]
Gold:   754        SH: 33    Dex: 14    Spells: 15/20 levels left

rFire   + + +        a - +9 broad axe (heavy)
rCold   x . .        Z - +2 tower shield
rNeg    + + +        X - +12 plate armour of Nouto {rF+++ rC- rCorr Dex-2}
rPois   +            T - +2 helmet
rElec   +            Y - +2 cloak
rCorr   +            U - +2 pair of gloves {Str+3}
SInv    .            V - +2 pair of boots {rampage}
Will    +++..        z - amulet of the acrobat Stlth
                     A - ring of Life {rElec rPois Will+ EV+5 Int+2}
HPRegen 0.52/turn    B - ring of Existentialism {rCorr Str+3 Int+6 Stlth+}
MPRegen 0.23/turn

%: acrobat, rampage
@: divinely shielded, about to teleport, glowing
A: sense surroundings 3, otherworldly, glowing, explore regen
a: Renounce Religion, Divine Shield, Cleansing Flame, Summon Divine Warrior


You were on level 4 of the Depths.
You worshipped the Shining One.
The Shining One was exalted by your worship.
You visited 6 branches of the dungeon, and saw 30 of its levels.
You also visited: Sewer, Bailey and Desolation.

You collected 3066 gold pieces.
You spent 2312 gold pieces at shops.

Inventory:

Hand Weapons
 a - a +9 heavy broad axe (weapon)
 b - a +9 eveningstar of holy wrath
 c - the +8 shortbow "Vuinocw" {flame, rC+ rN+ Int+4 SInv}
   (You found it on level 5 of the Lair of Beasts)

   Int:       It affects your intelligence (+4).
   rC:        It protects you from cold.
   rN:        It protects you from negative energy.
   SInv:      It lets you see invisible.
 x - a +2 antimagic broad axe
Missiles
 j - 2 silver javelins
 w - 12 curare-tipped darts (quivered)
Armour
 h - a +2 scale mail of cold resistance
 N - a +2 robe of the Archmagi
 T - a +2 helmet (worn)
 U - a +2 pair of gloves of strength (worn)
 V - a +2 pair of boots of rampaging (worn)
 X - the +12 plate armour of Nouto (worn) {rF+++ rC- rCorr Dex-2}
   (You bought it in a shop on level 12 of the Dungeon)

   Dex:       It affects your dexterity (-2).
   rF:        It renders you almost immune to fire.
   rC:        It makes you vulnerable to cold.
   rCorr:     It protects you from acid and corrosion.
 Y - a +2 cloak (worn)
 Z - a +2 tower shield (worn)
Magical Staves
 d - a staff of earth
 q - a staff of cold
Jewellery
 z - an amulet of the acrobat (around neck)
 A - the ring of Life (left hand) {rElec rPois Will+ EV+5 Int+2}
   (You found it in the Desolation of Salt)

   [ring of evasion]

   EV:        It affects your evasion (+5).
   Int:       It affects your intelligence (+2).
   rElec:     It insulates you from electricity.
   rPois:     It protects you from poison.
   Will:      It increases your willpower.
 B - the ring of Existentialism (right hand) {rCorr Str+3 Int+6 Stlth+}
   (You acquired it on level 11 of the Dungeon)

   [ring of intelligence]

   Str:       It affects your strength (+3).
   Int:       It affects your intelligence (+6).
   rCorr:     It protects you from acid and corrosion.
   Stlth:     It makes you more stealthy.
 F - the ring "Ewuusaot" {Fly rElec rN+ rCorr}
   (You took it off a deep elf pyromancer on level 3 of the Elven Halls)

   [ring of flight]

   rElec:     It insulates you from electricity.
   rN:        It protects you from negative energy.
   Fly:       It grants you flight.
   rCorr:     It protects you from acid and corrosion.
 J - the amulet of Rytuturgh {Acrobat Rampage *Slow rPois Int+8}
   (You found it in a bailey)

   [amulet of the acrobat]

   It increases your evasion while moving and waiting.
   Int:       It affects your intelligence (+8).
   rPois:     It protects you from poison.
   *Slow:     It may slow you when you take damage.
   Rampage:   It bestows one free step when moving towards enemies.
 P - an amulet of magic regeneration
 R - an amulet of regeneration
 W - a ring of wizardry
Wands
 f - a wand of flame (37)
 g - a wand of digging (7)
 D - a wand of iceblast (14)
 M - a wand of polymorph (18)
 S - a wand of light (22)
Scrolls
 i - a scroll of enchant armour
 k - 12 scrolls of teleportation
 l - a scroll of blinking
 m - 8 scrolls of fog
 n - 3 scrolls of fear
 o - 4 scrolls of amnesia
 p - 2 scrolls of identify
 G - 3 scrolls of butterflies
 H - 2 scrolls of magic mapping
 I - 6 scrolls of immolation
Potions
 r - 6 potions of curing
 s - a potion of heal wounds
 u - a potion of resistance
 v - 4 potions of haste
 y - 6 potions of mutation
 C - 3 potions of might
 E - 4 potions of flight
 K - 5 potions of brilliance
 L - 3 potions of attraction
 Q - 7 potions of lignification
Miscellaneous
 e - a tin of tremorstones (2/2)
 t - a lightning rod (4/4)
 O - a box of beasts


   Skills:
 * Level 18.3 Fighting
 - Level 15.7(18.6) Axes
 * Level 17.8(20.5) Maces & Flails
 + Level 16.6 Armour
 + Level 16.2 Dodging
 + Level 16.7 Shields
 - Level 14.6 Invocations


You had 15 spell levels left.
You knew the following spells:

 Your Spells              Type           Power      Damage    Failure   Level
p - Passwall              Tmut/Erth      0%         N/A       93%         2
v - Vhi's Electric Charg  Tloc/Air       0%         N/A       99%         3

Your spell library contained the following spells:

 Spells                   Type           Power      Damage    Failure   Level
 Foxfire                  Conj/Fire      0%         2x1d4     83%         1
 Necrotise                Necr           0%         1d4       83%         1
 Sandblast                Erth           0%         2d4       83%         1
 Sting                    Tmut/Pois      0%         1d3       83%         1
 Blink                    Tloc           0%         N/A       93%         2
 Call Imp                 Summ           0%         N/A       93%         2
 Ensorcelled Hibernation  Hex/Ice        0%         N/A       93%         2
 Poisonous Vapours        Pois/Air       0%         N/A       93%         2
 Call Canine Familiar     Summ           0%         N/A       99%         3
 Gell's Gravitas          Tloc           0%         N/A       99%         3
 Hailstorm                Conj/Ice       0%         3d3       99%         3
 Inner Flame              Hex/Fire       0%         N/A       99%         3
 Mephitic Cloud           Conj/Pois/Air  0%         N/A       99%         3
 Portal Projectile        Hex/Tloc       0%         N/A       99%         3
 Spider Form              Tmut/Pois      0%         N/A       99%         3
 Summon Guardian Golem    Hex/Summ       0%         N/A       99%         3
 Swiftness                Air            0%         N/A       99%         3
 Teleport Other           Tloc           0%         N/A       99%         3
 Anguish                  Hex/Necr       0%         N/A       100%        4
 Animate Armour           Summ/Erth      0%         N/A       100%        4
 Flame Wave               Conj/Fire      0%         2d4       100%        4
 Ice Form                 Ice/Tmut       0%         N/A       100%        4
 Leda's Liquefaction      Hex/Erth       0%         N/A       100%        4
 Manifold Assault         Tloc           0%         N/A       100%        4
 Olgreb's Toxic Radiance  Pois           0%         N/A       100%        4
 Sticky Flame             Conj/Fire      0%         2d3       100%        4
 Arcjolt                  Conj/Air       0%         1d10      100%        5
 Blade Hands              Tmut           0%         N/A       100%        5
 Freezing Cloud           Conj/Ice/Air   0%         6-21      100%        5
 Iskenderun's Battlesphe  Conj           0%         2d6       100%        5
 Summon Forest            Summ/Tloc      0%         N/A       100%        5
 Yara's Violent Unravell  Hex/Tmut       0%         3d3       100%        5
 Dispersal                Tloc           0%         N/A       100%        6
 Iron Shot                Conj/Erth      0%         9d1       100%        6
 Plasma Beam              Fire/Air       0%         2x1d11    100%        6
 Simulacrum               Ice/Necr       0%         N/A       100%        6
 Statue Form              Tmut/Erth      0%         N/A       100%        6
 Monstrous Menagerie      Summ           0%         N/A       100%        7
 Orb of Destruction       Conj           0%         9d5       100%        7
 Spellforged Servitor     Conj/Summ      0%         N/A       100%        7
 Storm Form               Tmut/Air       0%         N/A       100%        7
 Borgnjor's Revivificati  Necr           0%         N/A       100%        8
 Ignition                 Fire           0%         3d3       100%        8
 Infestation              Necr           0%         N/A       100%        8
 Maxwell's Capacitive Co  Air            0%         ∞         100%        8
 Dragon's Call            Summ           0%         N/A       100%        9
 Shatter                  Erth           0%         3d5*      100%        9


Dungeon Overview and Level Annotations

Branches:
Dungeon (15/15) Zot: 27    Temple (0/1) D:4            Lair (5/5) D:8 Zot: 329
  Swamp (0/4) Lair:3        Snake (0/4) Lair:2        Slime (0/5) Lair:5
    Orc (2/2) D:9 Zot: 309     Elf (3/3) Orc:2 Zot: 53  Vaults (0/5) D:14
 Depths (4/4) D:15 Zot: 1997    Hell (visited)           Sewer (visited)
 Bailey (visited)         Desolation (visited)
    Dis: Hell:1         Geh: Hell:1         Coc: Hell:1         Tar: Hell:1
    Zot: Depths:4

Altars:
Elyvilon
Fedhas
Kikubaaqudgha
Makhleb
Nemelex Xobeh
Okawaru
Qazlal
Ru
Sif Muna
Trog
Vehumet
Wu Jian
Xom
Yredelemnul
Zin
The Shining One
Jiyva

Shops:
D:2 *(*?(   D:5 (   D:12 [   D:15 !   Orc:1 [   Orc:2 *:[[   Elf:2 =   Elf:3 =
Depths:4 *

Portals:
Hell: Depths:4

Annotations:
D:13 3 runed translucent doors, HilariousDeathArtist's ghost, journeyman VSBe


Innate Abilities, Weirdness & Mutations

You passively map a large area around you.
You are easily found by Zot.
You glow in the dark.
You regain HP and MP as you explore.


Message History

You kill the spriggan air mage!
You hit Vv.
You hear a loud rustle.
You hear a shout!
You block Vv's attack. x2
Unknown command.
You hit Vv but do no damage.
Vv is almost destroyed.
Vv calls gouts of flame from the lava!
The flame surge hits you. You resist.
You chop Vv into pieces!!!!
You destroy Vv!
A walking crystal tome comes into view.
Things that are here:
a +0 robe; a spriggan corpse You rampage towards the frost giant!
You chop the frost giant into pieces!!!!
The frost giant is severely wounded.
The frost giant misses you.
You cut the frost giant into ribbons!!!
You kill the frost giant!
A vampire knight comes into view. It is wielding a +2 great mace.
The vampire knight casts a spell at you.
The vampire knight blinks!
The walking crystal tome erupts in a flurry of living spells!
Press: ? - help, v - describe, . - travel
Here: a living crystal spell (summoned, haloed)
The floor.
Unknown command.
You slice the vampire knight!!
The vampire knight is moderately damaged.
The walking crystal tome erupts in a flurry of living spells!
You block the vampire knight's attack. x2
The living spell casts itself at you. The crystal spear hits you!!!
* * * LOW HITPOINT WARNING * * *
As you read the scroll of teleportation, it crumbles to dust.
You feel strangely unstable.
You block the vampire knight's attack. x2
The living spell casts itself at you. The crystal spear hits you!!!
You die...

* , ,
......................
........................
,*
...#.................)..
,* , ,
,...#....≈...............
, .......§§§..............
, .....*.§≈...............
,,
...*...§≈≈.............. ,
, ....;...†..†............
* ,,
...**.)@[).............. ,
,...*...V................
,, ,
..................≈≈≈... ,
,..................≈≈≈≈..
,,,
,..................§§≈≈..
,,
,,.....................≈..
, * ,
...............##....... *
* **
...............##....≈≈§ ,
* , , ....... #....§≈§


You could see a walking crystal tome, a vampire knight and 5 living crystal
spells.

Vanquished Creatures
  Vv (Depths:4)
  Geryon (Hell)
  2 Tzitzimimeh (Hell)
  2 doom hounds (Hell)
  Nikola (Elf:1)
  Rupert (Lair:5)
  3 liches
  3 deep elf blademasters
  2 titans (Depths:4)
  A deep elf master archer (Elf:3)
  A walking frostbound tome (Depths:3)
  4 frost giants
  2 fire giants
  2 imperial myrmidons (Desolation)
  An emperor scorpion (D:15)
  2 iron dragons (Hell)
  Louise (Elf:1)
  8 deep elf sorcerers
  A deep elf elementalist (Elf:3)
  A caustic shrike zombie (Depths:1)
  A cacodemon (Hell)
  An orc warlord (Bailey)
  3 stone giants
  7 reapers (Hell)
  3 very ugly things (Depths:4)
  6 deep elf demonologists (Elf:3)
  A dire elephant (Lair:5)
  2 halazid warlocks (Desolation)
  A putrid mouth (Hell)
  8 deep elf annihilators (Elf:3)
  A lorocyproca (Hell)
  An iron golem (Hell)
  An ettin (Depths:2)
  Josephine (D:11)
  3 fire dragons
  3 crystal guardians (Desolation)
  3 blizzard demons (Hell)
  6 deep elf high priests (Elf:3)
  A jiangshi (Depths:3)
  2 ice dragons
  A salamander tyrant (Depths:4)
  The ghost of Suk Xiy the Grappler, a journeyman DrTm of Yredelemnul (Lair:2)
  4 servants of whispers (Desolation)
  6 ragged hierophants (Desolation)
  7 hydras
  A hell beast (Hell)
  4 vault guards (D:14)
  Erolcha (D:11)
  A rakshasa (Depths:1)
  5 centaur warriors
  6 peacekeepers (Desolation)
  Erica (D:11)
  2 spriggan air magi
  3 two-headed ogres
  A spriggan skeleton (Hell)
  3 hell hogs (Hell)
  5 boulder beetles
  23 dancing weapons
  A deep troll shaman (Depths:4)
  11 death yaks
  A spriggan berserker (Depths:4)
  2 sun demons (Hell)
  24 deep elf knights
  6 hell knights
  Sonja (Lair:4)
  2 soul eaters (Hell)
  6 iron trolls
  2 sixfirhies (Hell)
  2 salamander mystics (Depths:4)
  2 skysharks
  A death drake (shapeshifter) (Elf:2)
  An ironbound convoker (Desolation)
  A deep troll (Depths:4)
  A swamp dragon (Lair:5)
  21 deep elf pyromancers
  5 orc knights
  A steelbarb worm (shapeshifter) (Depths:4)
  A lindwurm (Lair:5)
  2 necromancers
  Pikel (D:5)
  12 ugly things
  8 deep elf archers
  24 deep elf zephyrmancers
  6 manticores
  9 orc sorcerers
  4 cyclopes
  An oklob plant (Lair:3)
  46 elephants
  5 salamanders
  A frost giant skeleton (Depths:1)
  6 gargoyles
  2 smoke demons (Hell)
  7 black mambas
  Joseph (D:7)
  2 molten gargoyles
  2 guardian serpents (Desolation)
  7 rust devils (Hell)
  14 cane toads
  Psyche (D:8)
  An unseen horror (D:12)
  4 yaktaurs (D:15)
  A tormentor (Hell)
  9 rime drakes
  A kobold demonologist (D:12)
  4 freezing wraiths
  An ice devil (Hell)
  8 komodo dragons
  3 trolls (D:11)
  3 polar bears
  A meliai (shapeshifter) (Depths:4)
  A red devil (Hell)
  5 hornets
  4 meliai
  A hydra skeleton (Hell)
  34 saltlings (Desolation)
  A shadow dragon simulacrum (Depths:1)
  10 dream sheep (Lair:5)
  15 blink frogs
  4 air elementals
  A slime creature (shapeshifter) (D:15)
  2 water elementals
  2 ettin skeletons
  3 spriggans (Depths:4)
  A naga simulacrum (Hell)
  A centaur simulacrum (Hell)
  3 slime creatures
  5 wraiths
  A shadow (D:11)
  53 yaks
  5 wyverns
  3 steam dragons
  4 basilisks
  3 fire elementals
  15 vampire mosquitoes
  3 wargs
  3 nagas (Lair:2)
  3 swamp worms (Lair:3)
  5 acid dragons
  Edmund (D:5)
  11 water moccasins
  3 hell hounds (Hell)
  A human skeleton (Depths:1)
  25 orc warriors
  An ice beast (D:7)
  2 sky beasts
  2 black bears
  8 wolves
  4 ogres
  A swamp dragon skeleton (Hell)
  12 centaurs
  A phantom (D:5)
  4 kobold brigands
  2 lemures (D:5)
  7 bullfrogs
  3 earth elementals
  2 gnoll sergeants
  7 wights
  4 scorpions
  7 howler monkeys
  A hound (D:7)
  10 orc priests
  A jelly (D:4)
  15 iguanas
  A sleepcap (D:8)
  19 hell rats
  41 orc wizards
  Ijyb (D:4)
  A hound zombie (D:3)
  15 gnolls
  5 adders
  2 river rats (Sewer)
  A shadow imp (D:5)
  3 white imps
  3 ufetubi
  2 worms (D:2)
  2 dart slugs (D:4)
  94 orcs
  7 endoplasms
  6 giant cockroaches
  25 goblins
  18 hobgoblins
  5 jackals
  22 kobolds
  7 quokkas
  6 ball pythons
  3 bats
  3 frilled lizards
  A quokka zombie (D:3)
  13 rats
1091 creatures vanquished.

Vanquished Creatures (others)
  A jiangshi (Depths:3)
  5 deep elf pyromancers
  A centaur (D:10)
  2 orc wizards (Orc:2)
9 creatures vanquished.

Grand Total: 1100 creatures vanquished

Notes
Turn   | Place    | Note
-------+----------+-------------------------------------------
     0 | D:1      | glosham the Meteoran Fighter began the quest for the Orb.
     0 | D:1      | Reached XP level 1. HP: 19/19 MP: 2/2
    49 | D:2      | Found Teditiun's Antique Weapon Boutique.
    56 | D:2      | Found Sileled's Assorted Antiques.
    58 | D:2      | Found Kakk's Assorted Antiques.
   102 | D:2      | Reached skill level 3 in Maces & Flails
   121 | D:2      | Reached XP level 2. HP: 14/26 MP: 3/3
   173 | D:2      | Reached XP level 3. HP: 30/31 MP: 4/4
   204 | D:2      | Found a faded altar of an unknown god.
   213 | D:2      | Prayed at the altar of an unknown god.
   213 | D:2      | Became a worshipper of the Shining One
   213 | D:2      | Reached * piety under the Shining One
   235 | D:2      | Found Goosusy's Magic Scroll Shoppe.
   501 | D:2      | Found a shimmering altar of Xom.
   534 | D:2      | Reached XP level 4. HP: 29/38 MP: 5/5
   970 | D:2      | Found Jaurchuo's Antique Weapon Boutique.
  1013 | D:2      | Reached skill level 6 in Maces & Flails
  1013 | D:2      | Reached XP level 5. HP: 29/45 MP: 6/6
  1192 | D:3      | Found a glowing golden altar of the Shining One.
  1517 | D:5      | Entered Level 5 of the Dungeon
  1528 | D:5      | Noticed a phantom
  1538 | D:5      | Killed a phantom
  1539 | D:5      | Reached XP level 6. HP: 51/51 MP: 7/7
  1546 | D:5      | Noticed Edmund
  1558 | D:5      | Killed Edmund
  1559 | D:5      | Reached XP level 7. HP: 41/57 MP: 8/8
  1571 | D:5      | Found an iron altar of Okawaru.
  1587 | D:5      | Reached skill level 9 in Maces & Flails
  1618 | D:5      | Found a bloodstained altar of Trog.
  1682 | D:5      | Reached ** piety under the Shining One
  1713 | D:5      | Found a sacrificial altar of Ru.
  1856 | D:5      | Found Ebbeovia's Hydra Hut.
  1857 | D:5      | Noticed a four-headed hydra
  1949 | D:5      | Found a glowing drain.
  1978 | Sewer    | Entered a sewer
  2003 | Sewer    | Reached XP level 8. HP: 63/63 MP: 9/9
  2198 | D:5      | Found a basalt altar of Yredelemnul.
  2222 | D:5      | Found a shimmering blue altar of Sif Muna.
  2222 | D:5      | Found a basalt altar of Yredelemnul.
  2223 | D:5      | Noticed Pikel
  2255 | D:5      | Killed Pikel
  2256 | D:5      | Reached skill level 12 in Maces & Flails
  2261 | D:5      | Found a shimmering altar of Xom.
  2261 | D:5      | Found a shimmering blue altar of Sif Muna.
  2261 | D:5      | Found a burning altar of Makhleb.
  2383 | D:4      | Noticed Ijyb
  2388 | D:4      | Killed Ijyb
  2396 | D:4      | Found a radiant altar of Vehumet.
  2515 | D:3      | Found a basalt altar of Yredelemnul.
  2638 | D:4      | Gained mutation: You passively map the area around you.
                  | [Meteoran growth]
  2638 | D:4      | Reached XP level 9. HP: 36/70 MP: 10/10
  2738 | D:2      | Bought a polished flail for 263 gold pieces
  2738 | D:2      | Identified the +4 flail "Nejyodyk" {flame, rPois rN+ Will+}
                  | (You bought it in a shop on level 2 of the Dungeon)
  2948 | D:7      | Noticed Joseph
  2959 | D:7      | Killed Joseph
  2960 | D:7      | Reached skill level 3 in Invocations
  3074 | D:7      | Identified the +6 halberd "Ecuusu Eria" {drain, rF+ rC+}
  3233 | D:7      | Reached skill level 6 in Invocations
  3300 | D:7      | Found a flagged portal.
  3305 | Bailey   | Entered a bailey
  3347 | Bailey   | Reached skill level 1 in Dodging
  3347 | Bailey   | Reached XP level 10. HP: 74/77 MP: 16/16
  3428 | Bailey   | Reached skill level 4 in Fighting
  3497 | Bailey   | Noticed an orc knight
  3497 | Bailey   | Noticed an orc warlord
  3570 | Bailey   | Reached skill level 3 in Dodging
  3595 | Bailey   | Killed an orc warlord
  3596 | Bailey   | Reached skill level 5 in Fighting
  3605 | Bailey   | Killed an orc knight
  3652 | Bailey   | Identified the amulet of Rytuturgh {Acrobat Rampage *Slow
                  | rPois Int+8}
  3703 | Bailey   | Reached skill level 6 in Fighting
  3703 | Bailey   | Reached skill level 15 in Maces & Flails
  3703 | Bailey   | Reached skill level 6 in Dodging
  3703 | Bailey   | Reached skill level 9 in Invocations
  3703 | Bailey   | Reached XP level 11. HP: 54/91 MP: 17/19
  3811 | Bailey   | Learned a level 3 spell: Vhi's Electric Charge
  3839 | D:8      | Found a glowing silver altar of Zin.
  3846 | D:8      | Found a staircase to the Lair.
  4017 | D:8      | Noticed Psyche
  4024 | D:8      | Killed Psyche
  4025 | D:8      | Reached skill level 7 in Fighting
  4025 | D:8      | Reached XP level 12. HP: 99/100 MP: 20/20
  4028 | D:8      | Reached *** piety under the Shining One
  4151 | D:6      | Identified the +1 leather armour "Tut Mim" {rPois rCorr
                  | MP-9 Int+8}
  4357 | D:6      | Identified the staff of fire "Tilyakhano" {Fragile rF+
                  | Int+6 Dex+4}
  4554 | D:4      | Found a staircase to the Ecumenical Temple.
  4733 | D:2      | Bought an emerald potion for 18 gold pieces
  4733 | D:2      | Bought a runed helmet for 157 gold pieces
  4733 | D:2      | Bought a sapphire potion for 18 gold pieces
  4743 | D:2      | Bought a scroll labelled SESA WIYPNIPP for 25 gold pieces
  4743 | D:2      | Bought a dark potion for 22 gold pieces
  4743 | D:2      | Bought a fizzy silvery potion for 22 gold pieces
  4743 | D:2      | Bought a scroll labelled NUALUYPOES for 25 gold pieces
  4743 | D:2      | Bought a scroll labelled PEWE ADOQOW for 25 gold pieces
  4761 | D:2      | Bought a scroll of fog for 52 gold pieces
  4924 | D:8      | Reached skill level 1 in Axes
  4936 | D:9      | Found a blossoming altar of Fedhas.
  4940 | D:9      | Found a stormy altar of Qazlal.
  4974 | D:9      | Reached skill level 3 in Axes
  5305 | D:8      | Found an ornate altar of the Wu Jian Council.
  5465 | D:9      | Reached skill level 6 in Axes
  5490 | D:9      | Found an ancient bone altar of Kikubaaqudgha.
  5510 | D:10     | Entered Level 10 of the Dungeon
  5627 | D:9      | Found a staircase to the Orcish Mines.
  5673 | D:9      | Found a white marble altar of Elyvilon.
  5881 | D:10     | Noticed a centaur warrior
  5890 | D:10     | Killed a centaur warrior
  5891 | D:10     | Reached skill level 9 in Axes
  5896 | D:10     | Reached **** piety under the Shining One
  5957 | D:10     | Noticed a two-headed ogre
  5973 | D:10     | Killed a two-headed ogre
  5981 | D:10     | Noticed a boulder beetle
  5990 | D:10     | Killed a boulder beetle
  5991 | D:10     | Reached XP level 13. HP: 66/105 MP: 21/21
  6001 | D:10     | Found a sparkling altar of Nemelex Xobeh.
  6097 | D:10     | Identified the +0 robe of Zunag {rF+ Str+5}
  6129 | D:10     | Found the +6 shillelagh "Devastator" {shatter}
  6236 | D:10     | Paralysed by a hornet for 3 turns
  6328 | D:11     | Identified a scroll of acquirement
  6329 | D:11     | Acquired the ring of Existentialism {rCorr Str+3 Int+6
                  | Stlth+}
  6334 | D:11     | Noticed Erica
  6341 | D:11     | Reached skill level 12 in Axes
  6348 | D:11     | Killed Erica
  6479 | D:11     | Noticed Josephine
  6480 | D:11     | Noticed Erolcha
  6490 | D:11     | Killed Erolcha
  6494 | D:11     | Noticed a boulder beetle
  6497 | D:11     | Killed Josephine
  6516 | D:11     | Killed a boulder beetle
  6898 | D:12     | Found Qeoledutt's Antique Armour Shoppe.
  6952 | D:12     | Reached ***** piety under the Shining One
  7188 | D:12     | Reached skill level 15 in Axes
  7234 | D:12     | Acquired the +0 kite shield "Peumub" {rF+ Stlth+}
  7461 | D:13     | Noticed a centaur warrior
  7471 | D:13     | Reached XP level 14. HP: 109/113 MP: 22/22
  7617 | D:13     | Identified the +0 scale mail "Lesedd" {rElec rPois Will+++
                  | Str-4}
  7729 | D:14     | Identified the +1 scale mail "Qymp" {rN+ SInv}
  7846 | D:15     | Entered Level 15 of the Dungeon
  8094 | D:14     | Reached skill level 8 in Fighting
  8111 | D:14     | Found a gate to the Vaults.
  8159 | D:14     | Reached skill level 9 in Armour
  8159 | D:14     | Reached skill level 9 in Shields
  8529 | D:15     | Reached XP level 15. HP: 90/123 MP: 24/24
  8585 | D:15     | Found a staircase to the Depths.
  8592 | D:15     | Noticed an emperor scorpion
  8614 | D:15     | Killed an emperor scorpion
  8740 | D:13     | Found a white marble altar of Elyvilon.
  8745 | D:13     | Reached skill level 9 in Fighting
  8856 | D:13     | Found a runed translucent gate.
  8856 | D:13     | Found a runed translucent gate.
  8856 | D:13     | Noticed an acid blob
  8857 | D:13     | Found a runed translucent gate.
  8857 | D:13     | Noticed an azure jelly
  8857 | D:13     | Noticed an acid blob
  8857 | D:13     | Noticed an azure jelly
  8857 | D:13     | Noticed HilariousDeathArtist's ghost (journeyman VSBe)
  8857 | D:13     | Noticed an acid blob
  8857 | D:13     | Noticed a rockslime
  8858 | D:13     | Noticed a quicksilver ooze
  8858 | D:13     | Noticed an acid blob
  8862 | D:13     | Found a viscous altar of Jiyva.
  8870 | D:13     | Reached skill level 12 in Invocations
  8884 | D:13     | Reached skill level 9 in Dodging
  8989 | Orc:1    | Entered Level 1 of the Orcish Mines
  9007 | Orc:1    | Found Lytwaduvvi's Armour Shoppe.
  9128 | Orc:1    | Paralysed by an orc sorcerer for 5 turns
  9212 | Orc:2    | Entered Level 2 of the Orcish Mines
  9363 | Orc:2    | Found Xumuusae's Assorted Antiques.
  9377 | Orc:2    | Bought a sedimented golden potion for 27 gold pieces
  9382 | Orc:2    | Found Ajezxuint's Book Shoppe.
  9387 | Orc:2    | Reached ****** piety under the Shining One
  9478 | Orc:2    | Found a staircase to the Elven Halls.
  9610 | Orc:2    | Found Rauronteewk's Armour Shoppe.
  9610 | Orc:2    | Found Kucwase's Armour Shop.
  9642 | Orc:2    | Bought a +0 pair of boots of rampaging for 138 gold pieces
  9902 | D:12     | Bought a crude plate armour for 952 gold pieces
  9902 | D:12     | Identified the +12 plate armour of Nouto {rF+++ rC- rCorr
                  | Dex-2} (You bought it in a shop on level 12 of the Dungeon)
 10012 | Lair:1   | Entered Level 1 of the Lair of Beasts
 10348 | Lair:4   | Reached skill level 10 in Fighting
 10348 | Lair:4   | Noticed Sonja
 10370 | Lair:4   | Reached XP level 16. HP: 89/134 MP: 26/26
 10433 | Lair:4   | Killed Sonja
 10484 | Lair:4   | Identified the +1 robe of Vump {Dex+2}
 10863 | Lair:5   | Entered Level 5 of the Lair of Beasts
 11018 | Lair:5   | Noticed Rupert
 11021 | Lair:5   | Paralysed by Rupert for 2 turns
 11037 | Lair:5   | Killed Rupert
 11098 | Lair:5   | Reached skill level 11 in Fighting
 11213 | Lair:5   | Reached skill level 12 in Shields
 11244 | Lair:5   | Found a staircase to the Slime Pits.
 11336 | Lair:5   | Reached skill level 12 in Armour
 11386 | Lair:5   | Learned a level 2 spell: Passwall
 11465 | Lair:5   | Reached XP level 17. HP: 144/144 MP: 28/28
 11588 | Lair:5   | Identified the +8 shortbow "Vuinocw" {flame, rC+ rN+ Int+4
                  | SInv}
 11826 | Lair:3   | Reached skill level 12 in Dodging
 11996 | Lair:3   | Found a staircase to the Swamp.
 12117 | Lair:3   | Reached skill level 12 in Fighting
 12546 | Lair:2   | Found a runed translucent door.
 12551 | Lair:2   | Noticed Suk Xiy's ghost (journeyman DrTm)
 12567 | Lair:2   | Killed Suk Xiy's ghost
 12707 | Lair:2   | Found a staircase to the Snake Pit.
 12948 | D:2      | Bought a scroll of enchant weapon for 97 gold pieces
 12948 | D:2      | Bought a scroll of blinking for 97 gold pieces
 12948 | D:2      | Bought a scroll of blinking for 97 gold pieces
 12948 | D:2      | Bought a scroll of butterflies for 52 gold pieces
 13112 | Orc:2    | Bought a scroll of enchant weapon for 225 gold pieces
 13166 | Elf:1    | Entered Level 1 of the Elven Halls
 13204 | Elf:1    | Paralysed by an air elemental for 1 turns
 13383 | Elf:2    | Found a crumbling gateway.
 13449 | Elf:2    | Paralysed by an air elemental for 1 turns
 13483 | Elf:2    | Paralysed by an air elemental for 1 turns
 13528 | Desolati | Entered the Desolation of Salt
 13585 | Desolati | Reached skill level 13 in Fighting
 13585 | Desolati | Gained mutation: You passively map a large area around you.
                  | [Meteoran growth]
 13585 | Desolati | Reached XP level 18. HP: 120/157 MP: 29/29
 13658 | Desolati | Got Sif Muna's Thoughts on Geology
 13663 | Desolati | Got the Notes on the Reshaped Autopsy
 13671 | Desolati | Got Sif Muna's Handbook of Bloody Invitation
 13862 | Desolati | Got the Grimoire of the Boggart
 13871 | Desolati | Identified the ring of Life {rElec rPois Will+ EV+5 Int+2}
 13990 | Desolati | Identified the +2 trident "Onali" {heavy, Fly Dex+2}
 13992 | Desolati | Identified the +5 quarterstaff "Wory" {antimagic, rF+ rN+
                  | rCorr}
 13996 | Desolati | Got Sihymuno's Information on Searing Production
 13997 | Desolati | Identified the +9 spear "Caghitso" {pain, Str+2}
 14016 | Desolati | Glimpsed the power of Zot.
 14043 | Elf:3    | Entered Level 3 of the Elven Halls
 14065 | Elf:3    | Reached skill level 14 in Fighting
 14090 | Elf:3    | Noticed a Tzitzimitl
 14133 | Elf:3    | Found Dedghetel's Jewellery Shoppe.
 14329 | Elf:3    | Identified the ring "Ewuusaot" {Fly rElec rN+ rCorr}
 14342 | Elf:3    | Noticed a deep elf blademaster
 14342 | Elf:3    | Noticed a deep elf blademaster
 14343 | Elf:3    | Reached XP level 19. HP: 169/169 MP: 30/30
 14347 | Elf:3    | Killed a deep elf blademaster
 14349 | Elf:3    | Identified the +8 long sword "Otifoufou" {freeze, Int+5
                  | Dex+2}
 14361 | Elf:3    | Killed a deep elf blademaster
 14364 | Elf:3    | Reached skill level 15 in Fighting
 14529 | Elf:3    | Identified the staff of poison "Ifuneec" {rElec rPois
                  | Stlth+}
 14530 | Elf:3    | Identified the +0 plate armour of Negation {+Blink}
 14538 | Elf:3    | Noticed a deep elf master archer
 14539 | Elf:3    | Noticed an Ice Fiend
 14547 | Elf:3    | Killed a deep elf master archer
 14868 | Elf:2    | Reached skill level 15 in Shields
 14913 | Elf:2    | Found Jinoda's Jewellery Shoppe.
 14976 | Elf:2    | Found a huge runed translucent gate.
 14976 | Elf:2    | Found a huge runed translucent gate.
 14976 | Elf:2    | Found a huge runed translucent gate.
 14976 | Elf:2    | Found a huge runed translucent gate.
 14977 | Elf:2    | Found a huge runed translucent gate.
 14985 | Elf:2    | Reached skill level 15 in Armour
 15009 | Elf:2    | Noticed a deep elf blademaster
 15015 | Elf:2    | Killed a deep elf blademaster
 15029 | Elf:2    | Reached skill level 16 in Fighting
 15139 | Elf:2    | Identified a +5 eveningstar of holy wrath (a +3 vampiric
                  | eveningstar blessed by the Shining One)
 15139 | Elf:2    | Received a gift from the Shining One
 15206 | Elf:1    | Found a shimmering altar of Xom.
 15216 | Elf:1    | Reached skill level 15 in Dodging
 15221 | Elf:1    | Noticed Louise
 15225 | Elf:1    | Reached XP level 20. HP: 166/182 MP: 29/31
 15235 | Elf:1    | Killed Louise
 15245 | Elf:1    | Noticed Nikola
 15253 | Elf:1    | Killed Nikola
 15314 | Elf:1    | Glimpsed the power of Zot.
 15478 | D:13     | Glimpsed the power of Zot.
 15527 | D:14     | Glimpsed the power of Zot.
 15536 | D:15     | Found Eprur's Distillery.
 15550 | Depths:1 | Entered Level 1 of the Depths
 15563 | Depths:1 | Noticed a lich
 15570 | Depths:1 | Killed a lich
 15666 | Depths:3 | Noticed a lich
 15673 | Depths:3 | Killed a lich
 15694 | Depths:3 | Noticed a lich
 15696 | Depths:3 | Reached skill level 17 in Fighting
 15713 | Depths:3 | Noticed a tentacled monstrosity
 15715 | Depths:3 | Noticed a caustic shrike
 15718 | Depths:3 | Noticed a lich
 15720 | Depths:4 | Entered Level 4 of the Depths
 15723 | Depths:4 | Killed a lich
 15725 | Depths:4 | Found Big Baal Hell's Store.
 15797 | Depths:4 | Found a gateway to Hell.
 15806 | Hell     | Entered the Vestibule of Hell
 15806 | Hell     | Noticed Geryon
 15822 | Hell     | Noticed a doom hound
 15830 | Hell     | Killed a doom hound
 15831 | Hell     | Reached XP level 21. HP: 187/192 MP: 32/32
 15851 | Hell     | Killed Geryon
 15904 | Hell     | Noticed a doom hound
 15922 | Hell     | Noticed a Tzitzimitl
 15927 | Hell     | Killed a doom hound
 15928 | Hell     | Killed a Tzitzimitl
 15929 | Hell     | HP: 16/193 [putrid mouth/foul vapour[a doom hound] (16)]
 15931 | Hell     | Reached skill level 18 in Fighting
 15932 | Hell     | HP: 6/194 [putrid mouth][a doom hound] (18)]
 15932 | Hell     | The Shining One protects you from harm!
 15933 | Hell     | Noticed a Tzitzimitl
 15943 | Hell     | Killed a Tzitzimitl
 16036 | Depths:4 | Noticed Vv
 16059 | Depths:4 | Killed Vv
 16064 | Depths:4 | Killed from afar by a living spell

Illustrated notes

Levels and vault maps discovered:
D:1:      minmay_arrival_diagonal_passages, layout_basic, roderic_roman_lattice,
          minmay_hexomino_u4
D:2:      layout_basic, serial_shops, shop, shop,
          nicolae_shop_tiny_real_fake_doors, shop, shop, basic_altar,
          chequers_ecumenical_altar_island
D:3:      layout_loops_cross, lemuel_zombie_altar_yredelemnul,
          nicolae_overflow_hidden_temple, chequers_jeans,
          kennysheep_small_spiral, roderic_lattice_a
D:4:      layout_gridville, fiery_altar_vehumet, temple_green, uniq_ijyb
D:5:      layout_loops_ring, doesnt_xom_only_xom, mainiacjoe_overflow_brackets,
          mainiacjoe_overflow_catch_the_wave, portal_sewer_entry_f,
          corexii_checkpoint_a, kennysheep_minor_cross, doesnt_shop_hydraphobe,
          uniq_edmund, uniq_pikel
D:6:      layout_basic
D:7:      layout_basic, enter_bailey_3, uniq_joseph
D:8:      layout_basic, mainiacjoe_overflow_small_starburst,
          mainiacjoe_overflow_catwalk, lair_entry_dummy, uniq_psyche
D:9:      layout_loops_cross, grunt_temple_overflow_forces_of_nature,
          kiku_gazebo_garden_becter, overflow_temple_1_default, serial_glass,
          glass_columns_b, glass_columns_a, glass_columns_a, glass_columns_a,
          glass_columns_a, glass_columns_a, glass_columns_a, glass_columns_a
D:10:     nicolae_whirlpool, layout_irregular_city, lemuel_tele_altar,
          dilly_guarded_unrand_devastator
D:11:     layout_basic, uniq_erolcha, uniq_erica, uniq_josephine
D:12:     layout_loops_corners, serial_shops, shop
D:13:     layout_roguey, gammafunk_ghost_ooze, elyvilon_altar_3
D:14:     layout_basic, lightli_vaults_fourway_checkpoint,
          infiniplex_staircase_star
D:15:     hangedman_depths_entry_try_elsewhere_first, layout_cave_pools,
          nicolae_benzene_ring, serial_shops, shop, minmay_misc_feat_iff,
          lemuel_flame_loot_1
Lair:1:   layout_small_grid
Lair:2:   layout_cave_pods, minmay_snake_entry_guardpost_medium,
          ebering_ghost_inner_flame
Lair:3:   minmay_lair_oklob_chamber, layout_cave_pods, palyth_hydra_swamp_entry,
          beast_lair_carwin_7, grunt_megastairs_5
Lair:4:   beast_lair_carwin_large_4, layout_misc_corridors, uniq_sonja
Lair:5:   hangedman_lair_in_review, layout_long_grid, guppyfry_lair_end_dragon,
          slime_entry_1, uniq_rupert
Orc:1:    layout_caves, serial_shops, shop
Orc:2:    st_orc_town, layout_caves, basic_altar
Elf:1:    layout_onion_city, basic_altar, hangedman_elf_disciples, minivault_16,
          uniq_nikola, uniq_louise
Elf:2:    elven_hall_of_blades_hangedman_alternative
          [infiniplex_blade_entry_pillars], layout_geoelf_diagonals,
          portal_desolation_entry_ruin, serial_shops,
          nicolae_shop_pleasant_corner_grove, uniq_asterion
Elf:3:    minmay_elf_hall_curves, layout_geoelf_grid, serial_shops, shop_coins
Depths:1: layout_forbidden_donut, enter_ziggurat_a, nzn_wu_jian_council_hall,
          lightli_too_deep, slow_altar_2, serial_bayou_shore_b
Depths:2: wad_courtyard, layout_gridlike, grunt_hell_entry_dis_old, pan_entry,
          ebering_dispersal_statue_hall, minmay_guarded_unrand_vampires_tooth,
          serial_bayou_shore_b, uniq_mara, uniq_sojobo
Depths:3: minmay_the_grid_square_5x5_4x4_mashed
          [minmay_the_grid_square_5x5_inner_v,
          minmay_the_grid_square_5x5_n_small,
          minmay_the_grid_square_5x5_beaten_path,
          minmay_the_grid_square_5x5_three,
          minmay_the_grid_square_5x5_two_walls_a,
          minmay_the_grid_square_5x5_prize_deathbox,
          minmay_the_grid_square_5x5_prize_gold, minmay_the_grid_square_5x5_two,
          minmay_the_grid_square_5x5_minibox,
          minmay_the_grid_square_5x5_prize_snowflake,
          minmay_the_grid_square_5x5_prize_itemx,
          minmay_the_grid_square_5x5_bite, minmay_the_grid_square_5x5_z,
          minmay_the_grid_square_5x5_n, minmay_the_grid_square_5x5_checkered,
          minmay_the_grid_square_5x5_three_small], layout_cave_shapes,
          hellmouth_1, serial_sigils_hangedman_scratch, abyss_entry
Depths:4: evilmike_zot_entry_gauntlet, layout_cave_pools,
          nicolae_dithmenos_the_darkroom, nicolae_hell_entry_big_baal_hell,
          minmay_multi_spiral, uniq_vv
Hell

Skill      XL: |  1  2  3  4  5  6  7  8  9 10 11 12 13 14 15 16 17 18 19 20 21 |
---------------+----------------------------------------------------------------+-----
Maces & Flails | 3 4 5 6 7 8 10 13 14 15 16 17 | 17.8
Invocations    | 7 9 10 11 13 14 | 14.6
Dodging        | 1 6 8 10 11 12 13 15 16 | 16.2
Armour         | 7 9 10 12 13 14 15 16 | 16.6
Shields        | 7 9 10 12 13 14 15 16 | 16.7
Fighting       | 6 7 8 10 11 13 14 16 17 18 | 18.3
Axes           | 10 15 | 15.7

Action                     |  1- 3 |  4- 6 |  7- 9 | 10-12 | 13-15 | 16-18 | 19-21 || total
---------------------------+-------+-------+-------+-------+-------+-------+-------++-------
  Melee: Flail             |    62 |    99 |   226 |   232 |    48 |    32 |       ||   699
         Broad axe         |       |       |       |    77 |   634 |   699 |   429 ||  1839
         Eveningstar       |       |       |       |       |       |       |    45 ||    45
  Throw: Dart              |       |       |       |     1 |       |       |       ||     1
   Cast: Passwall          |       |       |       |       |       |     1 |       ||     1
 Invoke: Divine Shield     |       |       |       |     1 |     4 |     3 |     9 ||    17
         Summon Divine War |       |       |       |       |       |     1 |       ||     1
         Brand Weapon With |       |       |       |       |       |       |     1 ||     1
         Cleansing Flame   |       |       |       |       |       |       |     5 ||     5
  Evoke: Wand              |       |       |       |     1 |       |       |     3 ||     4
    Use: Scroll            |       |       |       |    15 |    14 |     2 |     9 ||    40
         Potion            |       |       |       |     4 |     5 |     9 |     4 ||    22
 Armour: Scale mail        |    20 |    27 |     3 |       |       |       |       ||    50
         Plate armour      |       |       |    73 |    91 |   331 |   347 |   310 ||  1152
         Skin              |       |       |       |     7 |       |       |       ||     7
  Dodge: Dodged            |    11 |    37 |    49 |    89 |   264 |   255 |   331 ||  1036
  Block: Buckler           |    12 |    19 |    34 |    80 |    32 |       |       ||   177
         Kite shield       |       |       |       |       |   342 |   492 |    79 ||   913
         Tower shield      |       |       |       |       |       |       |   720 ||   720

Table legend: (Time is in decaauts)
 A = Elapsed time spent in this place.
 B = Non-inter-level travel time spent in this place.
 C = Inter-level travel time spent in this place.
 D = Time resting spent in this place.
 E = Time spent auto-exploring this place.
 F = Levels seen in this place.
 G = Mean time per level.
                   A        B        C        D        E       F      G
               +--------+--------+--------+--------+--------+-----+--------+
         Total |  15933 |  14193 |   1740 |    153 |      0 |  33 |  482.8 |
       Dungeon |   8972 |   7582 |   1390 |     10 |      0 |  15 |  598.1 |
          Lair |   2670 |   2598 |     72 |      0 |      0 |   5 |  534.0 |
  Orcish Mines |    890 |    720 |    170 |      0 |      0 |   2 |  445.0 |
   Elven Halls |   1746 |   1639 |    107 |      0 |      0 |   3 |  582.0 |
        Depths |    401 |    401 |      0 |      0 |      0 |   4 |  100.2 |
          Hell |    150 |    150 |      0 |      0 |      0 |   1 |  150.0 |
         Sewer |    118 |    118 |      0 |     28 |      0 |   1 |  118.0 |
        Bailey |    475 |    475 |      0 |    115 |      0 |   1 |  475.0 |
    Desolation |    508 |    508 |      0 |      0 |      0 |   1 |  508.0 |
               +--------+--------+--------+--------+--------+-----+--------+

Top non-repeatable levels by time:
     D:5: 850 daAuts
   Elf:3: 842 daAuts
     D:2: 818 daAuts
    D:14: 781 daAuts
     D:3: 752 daAuts
  Lair:5: 727 daAuts
  Lair:3: 720 daAuts
    D:12: 711 daAuts
   Elf:2: 697 daAuts
    D:10: 662 daAuts
     D:9: 628 daAuts
    D:11: 578 daAuts
   Orc:2: 578 daAuts
     D:6: 560 daAuts
  Lair:2: 540 daAuts

Table legend:
 A = Kills in this place as a percentage of kills in the entire game.
 B = Kills by you in this place as a percentage of kills by you in the entire game.
 C = Kills by friends in this place as a percentage of kills by friends in the entire game.
 D = Other kills in this place as a percentage of other kills in the entire game.
 E = Experience gained in this place as a percentage of experience gained in the entire game.
 F = Experience gained in this place divided by the number of levels of this place that you have seen.
                   A       B       C       D       E      F
               +-------+-------+-------+-------+-------+----------------------
         Total | 100.0 | 100.0 |   N/A | 100.0 | 100.0 | 11968.2
       Dungeon |  32.5 |  32.6 |   N/A |   0.0 |  15.1 | 3978.7
          Lair |  20.6 |  20.7 |   N/A |   0.0 |  20.1 | 15912.6
  Orcish Mines |  10.5 |  10.6 |   N/A |   0.0 |   2.6 | 5161.0
   Elven Halls |  13.6 |  13.4 |   N/A | 100.0 |  27.0 | 35602.3
        Depths |   5.6 |   5.6 |   N/A |   0.0 |  13.7 | 13521.2
          Hell |   6.6 |   6.6 |   N/A |   0.0 |  12.4 | 48932.0
         Sewer |   1.0 |   1.0 |   N/A |   0.0 |   0.0 |  70.0
        Bailey |   3.9 |   3.9 |   N/A |   0.0 |   0.8 | 3098.0
    Desolation |   5.6 |   5.6 |   N/A |   0.0 |   8.2 | 32395.0
               +-------+-------+-------+-------+-------+----------------------

Levels and vault maps discovered:
D:1:      minmay_arrival_diagonal_passages, layout_basic, roderic_roman_lattice,
          minmay_hexomino_u4
D:2:      layout_basic, serial_shops, shop, shop,
          nicolae_shop_tiny_real_fake_doors, shop, shop, basic_altar,
          chequers_ecumenical_altar_island
D:3:      layout_loops_cross, lemuel_zombie_altar_yredelemnul,
          nicolae_overflow_hidden_temple, chequers_jeans,
          kennysheep_small_spiral, roderic_lattice_a
D:4:      layout_gridville, fiery_altar_vehumet, temple_green, uniq_ijyb
D:5:      layout_loops_ring, doesnt_xom_only_xom, mainiacjoe_overflow_brackets,
          mainiacjoe_overflow_catch_the_wave, portal_sewer_entry_f,
          corexii_checkpoint_a, kennysheep_minor_cross, doesnt_shop_hydraphobe,
          uniq_edmund, uniq_pikel
D:6:      layout_basic
D:7:      layout_basic, enter_bailey_3, uniq_joseph
D:8:      layout_basic, mainiacjoe_overflow_small_starburst,
          mainiacjoe_overflow_catwalk, lair_entry_dummy, uniq_psyche
D:9:      layout_loops_cross, grunt_temple_overflow_forces_of_nature,
          kiku_gazebo_garden_becter, overflow_temple_1_default, serial_glass,
          glass_columns_b, glass_columns_a, glass_columns_a, glass_columns_a,
          glass_columns_a, glass_columns_a, glass_columns_a, glass_columns_a
D:10:     nicolae_whirlpool, layout_irregular_city, lemuel_tele_altar,
          dilly_guarded_unrand_devastator
D:11:     layout_basic, uniq_erolcha, uniq_erica, uniq_josephine
D:12:     layout_loops_corners, serial_shops, shop
D:13:     layout_roguey, gammafunk_ghost_ooze, elyvilon_altar_3
D:14:     layout_basic, lightli_vaults_fourway_checkpoint,
          infiniplex_staircase_star
D:15:     hangedman_depths_entry_try_elsewhere_first, layout_cave_pools,
          nicolae_benzene_ring, serial_shops, shop, minmay_misc_feat_iff,
          lemuel_flame_loot_1
Lair:1:   layout_small_grid
Lair:2:   layout_cave_pods, minmay_snake_entry_guardpost_medium,
          ebering_ghost_inner_flame
Lair:3:   minmay_lair_oklob_chamber, layout_cave_pods, palyth_hydra_swamp_entry,
          beast_lair_carwin_7, grunt_megastairs_5
Lair:4:   beast_lair_carwin_large_4, layout_misc_corridors, uniq_sonja
Lair:5:   hangedman_lair_in_review, layout_long_grid, guppyfry_lair_end_dragon,
          slime_entry_1, uniq_rupert
Orc:1:    layout_caves, serial_shops, shop
Orc:2:    st_orc_town, layout_caves, basic_altar
Elf:1:    layout_onion_city, basic_altar, hangedman_elf_disciples, minivault_16,
          uniq_nikola, uniq_louise
Elf:2:    elven_hall_of_blades_hangedman_alternative
          [infiniplex_blade_entry_pillars], layout_geoelf_diagonals,
          portal_desolation_entry_ruin, serial_shops,
          nicolae_shop_pleasant_corner_grove, uniq_asterion
Elf:3:    minmay_elf_hall_curves, layout_geoelf_grid, serial_shops, shop_coins
Depths:1: layout_forbidden_donut, enter_ziggurat_a, nzn_wu_jian_council_hall,
          lightli_too_deep, slow_altar_2, serial_bayou_shore_b
Depths:2: wad_courtyard, layout_gridlike, grunt_hell_entry_dis_old, pan_entry,
          ebering_dispersal_statue_hall, minmay_guarded_unrand_vampires_tooth,
          serial_bayou_shore_b, uniq_mara, uniq_sojobo
Depths:3: minmay_the_grid_square_5x5_4x4_mashed
          [minmay_the_grid_square_5x5_inner_v,
          minmay_the_grid_square_5x5_n_small,
          minmay_the_grid_square_5x5_beaten_path,
          minmay_the_grid_square_5x5_three,
          minmay_the_grid_square_5x5_two_walls_a,
          minmay_the_grid_square_5x5_prize_deathbox,
          minmay_the_grid_square_5x5_prize_gold, minmay_the_grid_square_5x5_two,
          minmay_the_grid_square_5x5_minibox,
          minmay_the_grid_square_5x5_prize_snowflake,
          minmay_the_grid_square_5x5_prize_itemx,
          minmay_the_grid_square_5x5_bite, minmay_the_grid_square_5x5_z,
          minmay_the_grid_square_5x5_n, minmay_the_grid_square_5x5_checkered,
          minmay_the_grid_square_5x5_three_small], layout_cave_shapes,
          hellmouth_1, serial_sigils_hangedman_scratch, abyss_entry
Depths:4: evilmike_zot_entry_gauntlet, layout_cave_pools,
          nicolae_dithmenos_the_darkroom, nicolae_hell_entry_big_baal_hell,
          minmay_multi_spiral, uniq_vv
Hell
